 Dungeon Crawl Stone Soup version 0.30-a0-377-g5cb311bc9f (webtiles) character file.

Game seed: 4317504141980360163

33 flotson the Sneak (level 3, -24/29 HPs)
             Began as a Demonspawn Delver on Nov 29, 2022.
             Annihilated by a two-headed ogre
             ... wielding a +0 giant club
              (25 damage)
             ... on level 5 of the Dungeon.
             The game lasted 00:01:20 (187 turns).

flotson the Sneak (Demonspawn Delver)                Turns: 187, Time: 00:01:21

Health: -24/29     AC:  6    Str: 14    XL:     3   Next: 12%
Magic:  3/3        EV: 11    Int: 11    God:
Gold:   9          SH:  0    Dex: 14    Spells: 2/2 levels left

rFire   . . .      SeeInvis .    a - +0 spear
rCold   . . .      Faith    .    (no shield)
rNeg    . . .      Spirit   .    h - +0 ring mail
rPois   .          Reflect  .    i - +0 helmet
rElec   .          Harm     .    (no cloak)
rCorr   .          Rampage  .    (no gloves)
Will    .....                    (no boots)
Stlth   ++........               (no amulet)
HPRegen 0.24/turn                (no ring)
MPRegen 0.08/turn                (no ring)

@: lethally poisoned (-24 -> -41), slowed, very slow
A: spiny 1
a: no special abilities


You were on level 5 of the Dungeon.
You visited 1 branch of the dungeon, and saw 2 of its levels.

You collected 9 gold pieces.

Inventory:

Hand Weapons
 a - a +0 spear (weapon)
Armour
 b - a +0 leather armour
 h - a +0 ring mail (worn)
 i - a +0 helmet (worn)
Wands
 g - a wand of digging (2)
Scrolls
 c - a scroll of fog
 e - a scroll of fear
 j - a scroll of identify {unknown}
Potions
 f - a potion of flight {unknown}
 k - a potion of curing {unknown}


   Skills:
 + Level 3.3 Fighting
 - Level 1.7 Polearms
 + Level 1.0 Armour
 + Level 2.2 Dodging
 - Level 4.5 Stealth
 + Level 1.2 Evocations


You had 2 spell levels left.
You didn't know any spells.
Your spell library was empty.

Dungeon Overview and Level Annotations

Branches:
Dungeon (5/15)             Temple (0/1) D:5

Altars:


Innate Abilities, Weirdness & Mutations

You are partially covered in sharp spines.


Message History

You feel aware of your surroundings.
You sensed 1 altar, and 1 shop/portal.
Your extra speed is starting to run out.
You feel yourself slow down.
Aiming: Dig
Press: ? - help, Shift-Dir - straight line A rock wall.
The rock shatters into small pieces.
Found a sling.
You hear the slow rusting of a very distant drain.
You open the door.
A dart slug, a kobold brigand and a kobold come into view.
The kobold brigand is wielding a +0 dagger and quivering curare-tipped darts.
The kobold is wielding a +1 short sword of speed.
There is an open door here.
The kobold brigand throws a curare-tipped dart.
The curare-tipped dart barely misses you.
Found 11 gold pieces.
The kobold brigand throws a curare-tipped dart.
The curare-tipped dart barely misses you.
The kobold shouts!
A kobold comes into view. It is wielding a +0 whip.
The dart slug launches a dart at you. The slug dart hits you.
The kobold brigand throws a curare-tipped dart.
The curare-tipped dart hits you.
You are poisoned.
You have difficulty breathing.
You feel yourself slow down.
You feel very sick.
The kobold brigand throws a curare-tipped dart.
The curare-tipped dart closely misses you.
The kobold brigand throws a curare-tipped dart.
The curare-tipped dart hits you.
You are lethally poisoned!
You have difficulty breathing.
* * * LOW HITPOINT WARNING * * *
You feel as though you will be slow longer.
* * * LOW HITPOINT WARNING * * *
You feel extremely sick.
The two-headed ogre hits you with a +0 giant club!!
Ouch! That really hurt!
You die...

****,,~***~,,* #........#
*,,,~~~~~,,* #......).#
*,,,,,*,,,,* #.........
*,,,,,**,,,*######.......##
*,,,,,*######...##.......##
*,,,,,*#........'..........
*,,,,,*#........###########
*,,,,,,#...K...K##,,,,,,,**
*,,,,,,#..@O.w.....,,,,,,**
*******,,,,,*##+###K..##$.,,,,,**
,,,,,,,,,,,,**,,,*#...#*,..,,,,,*
********,,,,**,,,,....#***#******
*******,,,..K..#*,,,,,,,**
*,,,,,,,...+,,,,,,,,*
*,,,,,,,,,,*,,,,,,,,*
*,,,,,,,,,,*,,,,,,,<*
**,,,**,,,**,,**,,,**


You could see a two-headed ogre, a kobold brigand, a dart slug and 2 kobolds.

Vanquished Creatures
  A hound (D:5)
  An orc (D:5)
2 creatures vanquished.

Notes
Turn   | Place    | Note
-------+----------+-------------------------------------------
     0 | D:5      | flotson the Demonspawn Delver began the quest for the Orb.
     0 | D:5      | Reached XP level 1. HP: 18/18 MP: 1/1
    94 | D:5      | Noticed a hound
   108 | D:5      | Killed a hound
   109 | D:5      | Reached skill level 1 in Armour
   109 | D:5      | Reached skill level 1 in Evocations
   109 | D:5      | Gained mutation: You are partially covered in sharp spines.
                  | [demonic ancestry]
   109 | D:5      | Reached XP level 2. HP: 22/24 MP: 2/2
   109 | D:5      | Reached XP level 3. HP: 27/29 MP: 3/3
   113 | D:5      | Noticed a two-headed ogre
   179 | D:5      | Noticed a kobold brigand
   187 | D:5      | HP: 1/29 [poisoned by a kobold brigand (curare-tipped
                  | dart)]
   187 | D:5      | Annihilated by a two-headed ogre

Illustrated notes

Levels and vault maps discovered:
D:4:      layout_basic, serial_forest, infiniplex_forest_end_1,
          infiniplex_forest_diagonal, infiniplex_forest_lined_room_2,
          infiniplex_forest_clump_diagonal, infiniplex_forest_lined_1,
          infiniplex_forest_lined_room_, infiniplex_forest_end_3,
          infiniplex_forest_side_room, infiniplex_forest_lined_1
D:5:      layout_gridville, kennysheep_mini_moat,
          mainiacjoe_overflow_surrounded_room,
          minmay_temple_entry_gardened_gates, portal_sewer_entry_b,
          uniq_menkaure, uniq_duvessa

Skill      XL: |  1 |
---------------+----+-----
Armour         | 1 |  1.0
Dodging        | 2 |  2.2
Evocations     | 1 |  1.2
Fighting       | |  3.3
Polearms       | |  1.7
Stealth        | |  4.5

Action                   || total
-------------------------++-------
Melee: Spear             ||    15
Evoke: Wand              ||     1
  Use: Potion            ||     1
       Scroll            ||     1
 Stab: Distracted        ||     1
Armor: Ring mail         ||     3
Dodge: Dodged            ||     9

Table legend: (Time is in decaauts)
 A = Elapsed time spent in this place.
 B = Non-inter-level travel time spent in this place.
 C = Inter-level travel time spent in this place.
 D = Time resting spent in this place.
 E = Time spent auto-exploring this place.
 F = Levels seen in this place.
 G = Mean time per level.
                   A        B        C        D        E       F      G
               +--------+--------+--------+--------+--------+-----+--------+
         Total |    168 |    168 |      0 |      0 |     30 |   2 |   84.0 |
       Dungeon |    168 |    168 |      0 |      0 |     30 |   2 |   84.0 |
               +--------+--------+--------+--------+--------+-----+--------+

Top non-repeatable levels by time:
     D:5: 167 daAuts
     D:4: 1 daAuts
